 Dungeon Crawl Stone Soup version 0.24.0-37-gcf1ca852f1 (webtiles) character file.

Game seed: 6728635797763329888, levelgen mode: deterministic

49 Korkiloff the Skirmisher (level 3, -4/30 HPs)
             Began as a Demonspawn Abyssal Knight on Dec 8, 2019.
             Was a Believer of Lugonu.
             Slain by Sigmund
             ... wielding a +0 scythe
              (12 damage)
             ... on level 2 of the Dungeon.
             The game lasted 00:03:17 (1016 turns).

Korkiloff the Skirmisher (DsAK)                     Turns: 1016, Time: 00:03:19

Health: -4/30      AC:  3    Str: 13    XL:     3   Next: 51%
Magic:  4/4        EV: 11    Int: 13    God:    Lugonu [**....]
Gold:   116        SH:  0    Dex: 12    Spells: 2/2 levels left

rFire    . . .     SeeInvis .   a - +1 falchion
rCold    . . .     Gourm    .   (no shield)
rNeg     . . .     Faith    .   b - +0 leather armour
rPois    .         Spirit   .   (no helmet)
rElec    .         Reflect  .   (no cloak)
rCorr    .         Harm     .   (no gloves)
MR       .....                  (no boots)
Stlth    +.........             (no amulet)
HPRegen  0.10/turn              (no ring)
MPRegen  0.09/turn              (no ring)

@: no status effects
A: hooves 1
a: Depart the Abyss, Bend Space, Renounce Religion


You were on level 2 of the Dungeon.
You worshipped Lugonu.
Lugonu was pleased with you.
You were not hungry.

You visited 1 branch of the dungeon, and saw 2 of its levels.
You visited the Abyss 1 time.

You collected 116 gold pieces.

Inventory:

Hand Weapons
 a - a +1 falchion (weapon)
 e - a cursed +0 hunting sling
Armour
 b - a +0 leather armour (worn)
Jewellery
 l - a +3 ring of evasion {unknown}
Scrolls
 h - a scroll of blinking {unknown}
 k - a scroll of enchant armour {unknown}
 m - a scroll of remove curse {unknown}
 o - a scroll of identify {unknown}
Potions
 f - a potion of haste {unknown}
 g - a potion of might {unknown}
 i - 2 potions of heal wounds {unknown}
 j - a potion of curing {unknown}
 n - a potion of mutation {unknown}
Comestibles
 c - a ration


   Skills:
 + Level 3.8 Fighting
 + Level 2.1 Long Blades
 + Level 2.2 Armour
 + Level 1.2 Dodging
 + Level 2.6 Invocations


You had 2 spell levels left.
You didn't know any spells.
Your spell library was empty.

Dungeon Overview and Level Annotations

Branches:
Dungeon (2/15)

Altars:

Annotations:
D:2 Sigmund


Innate Abilities, Weirdness & Mutations

You have large cloven feet.


Message History

You hit the ooze.
The ooze is heavily wounded.
The ooze hits you but does no damage.
Sigmund hits you from afar with a +0 scythe.
You hit the ooze. You kick the ooze.
The ooze is severely wounded.
The ooze hits you. Sigmund barely misses you.
You hit the ooze. You kick the ooze.
You kill the ooze!
Lugonu accepts your kill.
A jackal comes into view.
Sigmund casts a spell at you. The puff of flame hits you.
* * * LOW HITPOINT WARNING * * *
The jackal barks!
You hear a bark!
A jackal comes into view.
The jackal moves out of view.
There is a stone staircase leading up here.
Sigmund hits you from afar with a +0 scythe!
You die...

########
#......#
#......#
#......#
##......#
#.......#
#.......#
#.....(.#
#@......#
##......#
##@..###
#######.###
#.......#
.......#......#
.......#....<.#
.......#..hh..#
#......#......#


You could see Sigmund.

Vanquished Creatures
  A gnoll (D:1)
  An ooze (D:2)
  A dart slug (D:1)
  A giant cockroach (D:1)
  6 goblins (D:1)
  6 hobgoblins (D:1)
  4 bats (D:1)
  3 frilled lizards (D:1)
  5 kobolds (D:1)
  3 rats (D:1)
31 creatures vanquished.

Notes
Turn   | Place    | Note
-------+----------+-------------------------------------------
     0 | Abyss:1  | Korkiloff the Demonspawn Abyssal Knight began the quest for
                  | the Orb.
     0 | Abyss:1  | Reached XP level 1. HP: 18/18 MP: 2/2
    29 | D:1      | Escaped the Abyss
   131 | D:1      | Gained mutation: You have large cloven feet. [demonic
                  | ancestry]
   131 | D:1      | Reached XP level 2. HP: 10/24 MP: 3/3
   225 | D:1      | Reached skill level 1 in Dodging
   442 | D:1      | Reached ** piety under Lugonu
   530 | D:1      | Reached XP level 3. HP: 14/29 MP: 4/4
  1006 | D:2      | Noticed Sigmund
  1016 | D:2      | Slain by Sigmund

Levels and vault maps discovered:
D:1:      minmay_arrival_plants_in_alcoves, layout_loops_corners
D:2:      layout_basic, uniq_natasha, uniq_sigmund

Skill      XL: |  1  2 |
---------------+-------+-----
Dodging        | 1 |  1.2
Long Blades    | 2 |  2.1
Armour         | 2 |  2.2
Fighting       | |  3.8
Invocations    | |  2.6

Action                   || total
-------------------------++-------
Melee: Falchion          ||    83
       Kick              ||    13
Armor: Leather armour    ||    41
Dodge: Dodged            ||    48
       Rpst.: Falchion   ||    16
